 Dungeon Crawl Stone Soup version 0.17-a0-1767-gccbed74 (webtiles) character file.

1218 4thArraOfDagon the Firebug (level 8, -3/41 HPs)
             Began as a Deep Elf Fire Elementalist on Sept 6, 2015.
             Slain by an ogre zombie
             ... wielding a +0 giant spiked club
             ... animated by the Sword of Zonguldrok
              (14 damage)
             ... on level 5 of the Dungeon.
             The game lasted 00:09:01 (1402 turns).

4thArraOfDagon the Firebug (DEFE)                   Turns: 1402, Time: 00:09:01

Health: -3/41      AC:  2    Str:  5    XL:     8   Next: 22%
Magic:  3/19       EV: 13    Int: 23    God:
Gold:   113        SH:  0    Dex: 15    Spells: 5 memorised, 3 levels left

rFire  . . .     SeeInvis .     k - +9 Sword of Zonguldrok {reap, *Curse} (curse)
rCold  . . .     Clarity  .     a - +0 robe
rNeg   . . .     SustAt   .     (no shield)
rPois  .         Gourm    .     (no helmet)
rElec  .         Spirit   .     (no cloak)
rCorr  .         Warding  .     (no gloves)
rMut   .         Stasis   .     (no boots)
MR     .....                    (no amulet)
Stlth  ++........               (no ring)
                                (no ring)

@: not resistant to hostile enchantments, unstealthy
A: no striking features
a: no special abilities


You were on level 5 of the Dungeon.
You were not hungry.

You visited 1 branch of the dungeon, and saw 7 of its levels.

You collected 113 gold pieces.

Inventory:

Hand weapons
 k - the cursed +9 Sword of Zonguldrok (weapon) {reap, *Curse}
   (You found it on level 4 of the Dungeon)

   If a monster killed with it leaves a corpse in good enough shape, the corpse
   will be animated as a zombie friendly to the killer.
   It may re-curse itself when equipped.
   It has a curse placed upon it.
Armour
 a - a +0 robe (worn)
Magical staves
 s - an uncursed staff of fire
Magical devices
 f - a wand of fireball (0)
 v - a wand of flame (35)
Scrolls
 d - 3 scrolls of remove curse
 r - a scroll of identify
Potions
 e - a potion of lignification {unknown}
 g - a potion of curing
 i - a potion of cure mutation {unknown}
 j - a potion of flight {unknown}
 l - a potion of mutation {unknown}
 n - a potion of berserk rage {unknown}
 p - 2 potions of heal wounds
 q - a potion of haste {unknown}
 t - a potion of resistance {unknown}
 u - 2 potions of brilliance {unknown}
Books
 b - a book of Flames

   Spells                             Type                      Level
   a - Flame Tongue                   Conjuration/Fire             1
   b - Throw Flame                    Conjuration/Fire             2
   c - Conjure Flame                  Conjuration/Fire             3
   d - Inner Flame                    Hexes/Fire                   3
   e - Sticky Flame                   Conjuration/Fire             4
   f - Fireball                       Conjuration/Fire             5
 o - a book of Battle

   Spells                             Type                      Level
   a - Infusion                       Charms                       1
   b - Shroud of Golubria             Charms/Translocation         2
   c - Song of Slaying                Charms                       2
   d - Spectral Weapon                Hexes/Charms                 3
   e - Regeneration                   Charms/Necromancy            3
Comestibles
 c - 8 bread rations
 h - a meat ration
 m - a beef jerky


   Skills:
 - Level 2.4 Dodging
 - Level 2.4 Stealth
 + Level 6.3 Spellcasting
 * Level 7.0 Conjurations
 * Level 7.5 Fire Magic


You had 3 spell levels left.
You knew the following spells:

 Your Spells              Type           Power        Failure   Level  Hunger
a - Flame Tongue          Conj/Fire      #####        1%          1    None
b - Conjure Flame         Conj/Fire      #####...     1%          3    #......
c - Sticky Flame          Conj/Fire      #####...     6%          4    ###....
d - Regeneration          Chrm/Necr      #.........   24%         3    #......
e - Fireball              Conj/Fire      #####.....   14%         5    #####..


Dungeon Overview and Level Annotations

Branches:
Dungeon (7/15)
 Temple: D:4-7

Altars:
Cheibriados
Elyvilon


Message History

Zapping:
f - a wand of fireball {zapped: 2} (will waste charges)
Press: ? - help, Shift-Dir - straight line, f/p - ogre
Aim: an ogre, wielding a giant spiked club (moderately wounded)
The fireball explodes!
The fireball engulfs the ogre.
The ogre is heavily wounded.
Evoking this partially-identified wand wasted a few charges.
The ogre hits you with a giant spiked club!!
Ouch! That really hurt!
* * * LOW HITPOINT WARNING * * *
Unknown command.
You slash the ogre!
You kill the ogre!
Your Conjurations skill increases to level 7!
The dead are walking!
An ogre zombie comes into view. It is wielding a giant spiked club.
You slash the ogre zombie! The ogre zombie completely misses you.
Unknown command.
You slash the ogre zombie!
The ogre zombie hits you with a giant spiked club!
You die...

#...... +......
#...... ##+## ###'###
#...###+#######.....
#.?.##.......##.....
##...+........'......
#...Z#........##...##
###@##.......##...#
##...##.......##...#
#....##.......##...#
#......"...........+
##............##...#
#...##.......######
##+###........#
..........#
...........#


You could see an ogre zombie.

Vanquished Creatures
  Pikel (D:6)
  A spriggan (D:7)
  A hungry ghost (D:7)
  An ice beast (D:6)
  An ogre (D:5)
  2 slaves (D:6)
  2 crimson imps
  A quasit (D:5)
  2 hounds
  An orc priest (D:4)
  An iguana (D:5)
  2 orc wizards
  A gnoll (D:4)
  A shadow imp (D:5)
  An adder skeleton (D:4)
  10 orcs (D:4)
  A bat (D:2)
  A giant cockroach (D:4)
  A quokka (D:4)
  2 giant newts
  2 jackals (D:2)
  A kobold (D:2)
  A rat (D:3)
38 creatures vanquished.

Notes
Turn   | Place    | Note
--------------------------------------------------------------
     0 | D:1      | 4thArraOfDagon the Deep Elf Fire Elementalist began the quest for the Orb.
     0 | D:1      | Reached XP level 1. HP: 10/10 MP: 6/6
   241 | D:4      | Reached XP level 2. HP: 6/15 MP: 0/8
   364 | D:4      | Reached XP level 3. HP: 15/19 MP: 1/9
   378 | D:4      | Learned a level 3 spell: Conjure Flame
   396 | D:4      | Noticed an orc wizard
   430 | D:4      | Noticed a crimson imp
   463 | D:4      | Noticed an orc priest
   470 | D:4      | Killed an orc priest
   470 | D:4      | Reached skill level 4 in Fire Magic
   470 | D:4      | Reached XP level 4. HP: 7/24 MP: 6/11
   479 | D:4      | Killed a crimson imp
   483 | D:4      | Killed an orc wizard
   510 | D:4      | Learned a level 4 spell: Sticky Flame
   592 | D:5      | Entered Level 5 of the Dungeon
   627 | D:5      | Learned a level 3 spell: Regeneration
   648 | D:5      | Reached XP level 5. HP: 25/28 MP: 6/13
   697 | D:6      | Noticed Pikel
   697 | D:6      | Noticed a slave
   700 | D:6      | Noticed a slave
   702 | D:6      | Noticed a slave
   703 | D:6      | Killed a slave
   707 | D:6      | Noticed a slave
   709 | D:6      | Killed a slave
   712 | D:6      | Killed Pikel
   712 | D:6      | Reached skill level 5 in Spellcasting
   712 | D:6      | Reached skill level 5 in Conjurations
   712 | D:6      | Reached skill level 6 in Fire Magic
   712 | D:6      | Reached XP level 6. HP: 29/32 MP: 1/16
   712 | D:6      | Reached XP level 7. HP: 32/36 MP: 1/17
   762 | D:6      | Found a snail-covered altar of Cheibriados.
   856 | D:7      | Got a fabulously ornate robe
   867 | D:7      | Identified the +2 robe of Pilepnofap {rPois rF- MP-9 Dex+6} (You found it on level 7 of the Dungeon)
   978 | D:7      | Noticed a spriggan baker
   980 | D:7      | Killed a spriggan baker
   980 | D:7      | Reached skill level 7 in Fire Magic
  1030 | D:7      | Found a white marble altar of Elyvilon.
  1241 | D:6      | Learned a level 5 spell: Fireball
  1268 | D:6      | Reached XP level 8. HP: 15/41 MP: 19/19
  1272 | D:6      | Noticed an ice beast
  1275 | D:6      | Killed an ice beast
  1365 | D:5      | Identified a scroll of acquirement
  1393 | D:5      | Noticed an ogre
  1400 | D:5      | Killed an ogre
  1402 | D:5      | Slain by an ogre zombie

Vault maps used:
D:1:      eino_arrival_water_cross
D:2:      grunt_dithmenos_smoke, lemuel_doored_altar, ecumenical_altar_2,
          serial_glass, glass_columns_a, glass_columns_c, serial_bayou_ford_a
D:4:      vehumet_altar_wand_db, first_bread, uniq_crazy_yiuf_cottage
D:5:      serial_shops, shop, uniq_blork_the_orc
D:6:      corexii_item_surrounded_by_moat, cheibriados_altar_wand_db, uniq_pikel
D:7:      elyvilon_altar_4, minmay_temple_entry_glassed_door, basic_altar,
          the_bakery, minmay_mini_ossuary

Action                   |  1- 3 |  4- 6 |  7- 9 || total
-------------------------+-------+-------+-------++-------
Melee: Double sword      |    13 |    10 |    30 ||    53
 Cast: Flame Tongue      |    32 |     4 |     9 ||    45
       Sticky Flame      |       |     2 |     4 ||     6
       Conjure Flame     |       |     2 |     2 ||     4
Evoke: Wand              |       |       |     3 ||     3
  Use: Potion            |       |     1 |       ||     1
       Scroll            |       |     2 |     7 ||     9
 Stab: Sleeping          |     1 |       |       ||     1
  Eat: Meat ration       |       |       |     1 ||     1
